 Dungeon Crawl Stone Soup version 0.31-a0-267-g3fc6992b3b (webtiles) character file.

Game seed: 11418194295253119770

502 qw the Shooter (level 6, 0/53 HPs)
             Began as a Minotaur Hexslinger on July 13, 2023.
             Slain by Duvessa
             ... wielding a +0 short sword
              (7 damage)
             ... on level 4 of the Dungeon.
             The game lasted 00:01:10 (3278 turns).

qw the Shooter (Minotaur Hexslinger)                Turns: 3278, Time: 00:01:11

Health: 0/53       AC:  4    Str: 13      XL:     6   Next: 95%
Magic:  6/6        EV: 12    Int:  9 (10) God:
Gold:   179        SH:  0    Dex: 14      Spells: 6/7 levels left

rFire   . . .        k - +2 shortbow (heavy)
rCold   . . .        (shield currently unavailable)
rNeg    . . .        b - +0 troll leather armour {Pargi}
rPois   .            (helmet restricted)
rElec   .            f - scarf {repulsion}
rCorr   .            (no gloves)
SInv    .            (no boots)
Will    .....        j - amulet of faith
Stlth   +            (no ring)
HPRegen 1.08/turn    (no ring)
MPRegen 0.10/turn

%: repel missiles, faith
@: no status effects
A: horns 2, retaliatory headbutt
a: no special abilities


You were on level 4 of the Dungeon.
You visited 1 branch of the dungeon, and saw 4 of its levels.
You also visited: Sewer.

You collected 179 gold pieces.


Innate Abilities, Weirdness & Mutations

You have a pair of horns on your head.
You reflexively headbutt those who attack you in melee.


   Skills:
 - Level 4.5 Fighting
 + Level 7.1 Ranged Weapons
 - Level 1.0 Armour
 - Level 2.1 Dodging
 - Level 1.0 Spellcasting
 - Level 2.0 Hexes


You had 6 spell levels left.
You knew the following spells:

 Your Spells              Type           Power      Damage    Failure   Level
a - Slow                  Hex            16%        N/A       21%         1

Your spell library contained the following spells:

 Spells                   Type           Power      Damage    Failure   Level
 Inner Flame              Hex/Fire       2%         N/A       67%         3
 Portal Projectile        Hex/Tloc       4%         N/A       67%         3
 Cause Fear               Hex            2%         N/A       90%         4

Inventory:

Hand Weapons
 k - a +2 heavy shortbow (weapon)
Armour
 b - a +0 troll leather armour (worn) {Pargi}
 f - a scarf of repulsion (worn)
 i - a +0 cloak
Jewellery
 j - an amulet of faith (around neck)
Scrolls
 a - a scroll of identify
 g - 2 scrolls of teleportation
 n - a scroll of blinking {unknown}
 o - a scroll of enchant armour {unknown}
 p - a scroll of noise {unknown}
Potions
 c - a potion of heal wounds {unknown}
 d - a potion of curing
 e - a potion of mutation {unknown}
 h - a potion of cancellation
 l - a potion of haste {unknown}
 m - a potion of ambrosia {unknown}

Dungeon Overview and Level Annotations

Branches:
Dungeon (4/15)              Sewer (visited)
 Temple: D:4-7

Altars:
Zin

Shops:
D:1 (

Annotations:
D:2 1 runed translucent door, Crazy Yiuf
D:4 Duvessa


Message History

An adder comes into view.
The adder moves out of view.
You shoot an arrow. The arrow hits Duvessa!
Duvessa is moderately wounded.
Duvessa says, "My weaknesses are his strengths!"
You shoot an arrow. The arrow completely misses Duvessa.
The arrow hits Dowan.
Dowan is lightly wounded.
Dowan gestures wildly while chanting.
Dowan blinks!
Duvessa closely misses you. Duvessa hits you with a +0 short sword!
You shoot an arrow.
The arrow hits Duvessa but does no damage.
Duvessa is moderately wounded.
Duvessa hits you with a +0 short sword. Duvessa completely misses you.
You shoot an arrow. The arrow hits Duvessa!
Duvessa is heavily wounded.
Duvessa hits you with a +0 short sword.
You shoot an arrow. The arrow hits Duvessa.
Duvessa is heavily wounded.
Duvessa hits you with a +0 short sword! Duvessa hits you with a +0 short sword.
You shoot an arrow. The arrow hits Duvessa!
Duvessa is severely wounded.
Duvessa hits you with a +0 short sword. x2
You shoot an arrow. The arrow closely misses Duvessa.
The arrow misses Dowan.
Dowan smirks and points a slender finger.
Duvessa says, "When magic and the sword combine, nothing stands against them."
Duvessa closely misses you.
You shoot an arrow. The arrow barely misses Duvessa.
The arrow hits Dowan!
Dowan is severely wounded.
Duvessa closely misses you. Duvessa hits you with a +0 short sword.
You shoot an arrow. The arrow closely misses Duvessa.
The arrow hits Dowan!
You kill Dowan!
Duvessa screams, "No!
How DARE you!"
Duvessa goes berserk!
Duvessa hits you with a +0 short sword. Duvessa closely misses you.
You furiously retaliate!
You headbutt Duvessa.
Your Ranged Weapons skill increases to level 7!
You shoot an arrow. The arrow closely misses Duvessa.
Duvessa hits you with a +0 short sword! x3
You die...

### ##.## #.###.##.# #.. #.#
#.# #.##.# ### #.# #.# #.##.#
# #+# #.# #.##.# ### .).
#.###.##.# #.. ## ....
#........# #.# .##
.....#####..### #.# [.####
......####...#########.#
.....+
.....)e@................
..##.#
......####...#########.#
.###.# ..?.. #..## #.. .# #.#
.... #.######### ### .# #.#
... #.........# # .# #.# #+#
#.....###.# # .###.# #.#
#.###.# #.# # .....# #.# #.#
#.# #.# #
.#########.########.###.###.#
#


You could see Duvessa (berserk).

Vanquished Creatures
  Pargi (Sewer)
  A centaur (D:4)
  A scorpion (D:4)
  Dowan (D:4)
  2 hounds
  Terence (D:2)
  5 adders
  2 dart slugs (D:1)
  4 orcs (D:3)
  12 endoplasms
  8 giant cockroaches
  7 goblins
  6 hobgoblins
  5 jackals (Sewer)
  5 quokkas
  8 ball pythons
  4 bats
  4 frilled lizards
  10 kobolds
  6 rats
93 creatures vanquished.

Notes
Turn   | Place    | Note
-------+----------+-------------------------------------------
     0 | D:1      | qw the Minotaur Hexslinger began the quest for the Orb.
     0 | D:1      | Reached XP level 1. HP: 16/16 MP: 1/1
     0 | D:1      | 0 ||| qw: Version: 0.3-a-52-g30416fa
     0 | D:1      | 0 ||| qw: Game counter: 7789
     0 | D:1      | 0 ||| qw: Melee chars always use a shield: true
     0 | D:1      | 0 ||| qw: God list: Okawaru
     0 | D:1      | 0 ||| qw: Allow faded altars: false
     0 | D:1      | 0 ||| qw: Do Orc after clearing Dungeon:15 true
     0 | D:1      | 0 ||| qw: Do second Lair branch before Depths: true
     0 | D:1      | 0 ||| qw: Lair rune preference: random
     0 | D:1      | 0 ||| qw: Goals: Normal
     0 | D:1      | 0 ||| PLANNING D:1-11
   139 | D:1      | Found a faded altar of an unknown god.
   146 | D:1      | Reached skill level 3 in Ranged Weapons
   205 | D:1      | Reached XP level 2. HP: 23/23 MP: 2/2
   214 | D:1      | Found Optukaoc's Antique Weapon Shoppe.
   667 | D:1      | Reached XP level 3. HP: 29/29 MP: 3/3
   878 | D:1      | 878 ||| UPGRADING to scarf of repulsion.
   883 | D:1      | 883 ||| READING 3 scrolls labelled JAPSEOT SAOZ.
   884 | D:1      | 884 ||| READING scroll labelled ATISKO FOPT.
   887 | D:1      | 887 ||| READING 2 scrolls of identify.
   887 | D:1      | 887 ||| IDENTIFYING emerald potion
   888 | D:1      | 888 ||| DROPPING scroll of poison.
   905 | D:2      | 905 ||| FLEEEEING.
   906 | D:2      | 906 ||| STAIRDANCE
   967 | D:2      | Reached skill level 4 in Ranged Weapons
  1038 | D:2      | Noticed Terence
  1049 | D:2      | Killed Terence
  1050 | D:2      | Reached XP level 4. HP: 21/36 MP: 4/4
  1429 | D:2      | Found a runed translucent door.
  1430 | D:2      | Noticed Crazy Yiuf
  1852 | D:2      | 1852 ||| UPGRADING to +0 ring mail.
  1862 | D:2      | 1862 ||| DROPPING +0 robe.
  1863 | D:2      | 1863 ||| READING scroll labelled SOYCKECHIYCO.
  1864 | D:2      | 1864 ||| READING scroll labelled GIUSHOH SIM.
  1865 | D:2      | 1865 ||| READING scroll labelled MUERYFY PERERGH.
  1866 | D:2      | 1866 ||| DRINKING 2 murky orange potions.
  1867 | D:2      | 1867 ||| DROPPING potion of degeneration.
  1896 | D:3      | 1896 ||| PLANNING SEWER
  1901 | D:3      | 1901 ||| STAIRDANCE
  1904 | D:2      | Reached skill level 1 in Armour
  2008 | D:3      | Reached skill level 5 in Ranged Weapons
  2118 | D:3      | Found a glowing drain.
  2133 | D:3      | 2133 ||| READING scroll labelled UCLICEYNT.
  2134 | D:3      | 2134 ||| READING scroll labelled SIESCH YC TAAQA.
  2135 | D:3      | 2135 ||| READING 2 scrolls of identify.
  2135 | D:3      | 2135 ||| IDENTIFYING bubbling sapphire potion
  2147 | Sewer    | Entered a sewer
  2152 | Sewer    | 2152 ||| Stepping ~*~*~tactically~*~*~ (water).
  2187 | Sewer    | Noticed Pargi
  2204 | Sewer    | HP: 9/37 [Pargi (1)]
  2207 | Sewer    | HP: 1/37 [Pargi (5)]
  2208 | Sewer    | Killed Pargi
  2209 | Sewer    | Reached XP level 5. HP: 2/47 MP: 5/5
  2427 | Sewer    | 2427 ||| READING scroll of enchant weapon.
  2427 | Sewer    | 2427 ||| ENCHANTING +2 sling.
  2432 | Sewer    | 2432 ||| UPGRADING to +0 troll leather armour {Pargi}.
  2442 | Sewer    | 2442 ||| DROPPING +0 ring mail.
  2459 | D:3      | 2459 ||| PLANNING D:1-11
  2512 | D:3      | 2512 ||| FLEEEEING.
  2513 | D:3      | 2513 ||| FLEEEEING.
  2514 | D:3      | 2514 ||| FLEEEEING.
  2515 | D:3      | 2515 ||| FLEEEEING.
  2691 | D:3      | 2691 ||| UPGRADING to amulet of faith.
  2712 | D:4      | Found a glowing silver altar of Zin.
  2714 | D:4      | Noticed a centaur
  2726 | D:4      | Killed a centaur
  2727 | D:4      | Reached skill level 6 in Ranged Weapons
  2727 | D:4      | Reached XP level 6. HP: 31/53 MP: 6/6
  2750 | D:4      | 2750 ||| SWAPPING to +2 heavy shortbow.
  2751 | D:4      | 2751 ||| DROPPING +3 sling.
  3267 | D:4      | Noticed Duvessa
  3267 | D:4      | Noticed Dowan
  3277 | D:4      | Killed Dowan
  3278 | D:4      | Reached skill level 7 in Ranged Weapons
  3278 | D:4      | HP: 7/53 [Duvessa/+0 short sword (9)]
  3278 | D:4      | Slain by Duvessa

Levels and vault maps discovered:
D:1:      lemuel_arrival_room, layout_basic, shapermc_ecumenical_altar_ellora,
          serial_shops, shop
D:2:      layout_loops_cross, minmay_pentomino_w2, uniq_crazy_yiuf_cottage,
          uniq_terence
D:3:      layout_basic, portal_sewer_entry_f
D:4:      layout_loops_corners, zin_academy, minmay_close_crescents,
          uniq_sigmund, uniq_duvessa

Skill      XL: |  1  2  3  4  5  6 |
---------------+-------------------+-----
Ranged Weapons | 3 4 5 6 7 |  7.1
Fighting       | 2 4 |  4.5
Armour         | 1 |  1.0
Dodging        | |  2.1
Spellcasting   | |  1.0
Hexes          | |  2.0

Action                     |  1- 3 |  4- 6 || total
---------------------------+-------+-------++-------
   Fire: Sling             |   104 |   131 ||   235
         Shortbow          |       |    37 ||    37
    Use: Scroll            |     3 |     7 ||    10
         Potion            |       |     1 ||     1
 Armour: Robe              |    11 |     1 ||    12
         Ring mail         |       |    42 ||    42
         Troll leather arm |       |    11 ||    11
  Dodge: Dodged            |    35 |    82 ||   117

Table legend:
 A = Non-vault XP
 B = Vault XP
 C = Vault XP percentage of total XP
 D = Non-vault monster count
 E = Vault monster count
 F = Vault count percentage of total count
                 A         B        C        D         E       F
            +---------+---------+-------+---------+---------+-------
      Total |     457 |     261 |  36.4 |      79 |      14 |  15.1
            +---------+---------+-------+---------+---------+-------
        D:1 |      47 |       0 |   0.0 |      26 |       0 |   0.0
        D:2 |      58 |      37 |  38.9 |      16 |       2 |  11.1
        D:3 |      82 |       8 |   8.9 |      24 |       4 |  14.3
        D:4 |     270 |      76 |  22.0 |      13 |       2 |  13.3
      Sewer |       0 |     140 | 100.0 |       0 |       6 | 100.0
            +---------+---------+-------+---------+---------+-------
